 Dungeon Crawl Stone Soup version 0.17-a0-484-g0e03f6a (webtiles) character file.

175 Kisielow the Twirler (level 5, -3/32 HPs)
             Began as a Gargoyle Gladiator on Apr 11, 2015.
             Was an Initiate of Okawaru.
             Killed by divine providence
             ... invoked by an orc priest
              (13 damage)
             ... on level 4 of the Dungeon.
             The game lasted 00:04:15 (2229 turns).

Kisielow the Twirler (Gargoyle Gladiator)           Turns: 2229, Time: 00:04:15

Health: -3/32      AC: 14    Str: 19    XL:     5   Next: 55%
Magic:  5/5        EV:  8    Int:  9    God:    Okawaru [......]
Gold:   201        SH:  0    Dex: 14    Spells: 0 memorised, 4 levels left

rFire  . . .     SeeInvis .     a - +0 quarterstaff
rCold  . . .     Clarity  .     s - +0 chain mail
rNeg   + . .     SustAb   .     (no shield)
rPois  ∞         Gourm    .     c - +0 helmet
rElec  +         Spirit   .     (no cloak)
rCorr  .         Warding  .     (no gloves)
rMut   .         Stasis   .     (no boots)
MR     .....                    (no amulet)
Stlth  ..........               (no ring)
                                r - +4 ring of dexterity

@: not resistant to hostile enchantments, extremely unstealthy
A: negative energy resistance 1, electricity resistance, unbreathing,
petrification resistance, rot immunity, AC +4
a: Renounce Religion


You were on level 4 of the Dungeon.
You worshipped Okawaru.
Okawaru was noncommittal.
You were hungry.

You visited 1 branch of the dungeon, and saw 4 of its levels.

You collected 201 gold pieces.

Inventory:

Hand weapons
 a - a +0 quarterstaff (weapon)
Armour
 c - a +0 helmet (worn)
 s - a +0 chain mail (worn)
Jewellery
 r - a +4 ring of dexterity (left hand)
Magical devices
 A - a wand of magic darts (0)
Scrolls
 b - 2 scrolls of teleportation {unknown}
 e - a scroll of identify {unknown}
 k - a scroll of recharging {unknown}
 l - a scroll of magic mapping {unknown}
 m - a scroll of enchant weapon {unknown}
 o - a scroll of remove curse {unknown}
 q - 2 scrolls of amnesia {unknown}
 x - a scroll of immolation {unknown}
 y - a scroll of enchant armour {unknown}
Potions
 d - a potion of curing
 g - 2 potions of haste {unknown}
 h - a potion of heal wounds {unknown}
 i - a potion of flight {unknown}
 n - a potion of resistance {unknown}
 t - a potion of poison {unknown}
 u - a potion of agility {unknown}
 v - 3 potions of brilliance {unknown}
 z - a potion of invisibility {unknown}
 B - a potion of degeneration {unknown}
Books
 w - a book of Geomancy

   Spells                             Type                      Level
   a - Sandblast                      Earth                        1
   b - Stoneskin                      Transmutation/Earth          2
   c - Passwall                       Transmutation/Earth          3
   d - Stone Arrow                    Conjuration/Earth            3
   e - Petrify                        Transmutation/Earth          4
   f - Lee's Rapid Deconstruction     Earth                        5
Comestibles
 f - 3 bread rations
 j - 2 meat rations
 p - a chunk of flesh


   Skills:
 * Level 3.4 Fighting
 * Level 4.6 Staves
 - Level 2.0 Throwing
 * Level 3.0 Armour
 - Level 2.4 Dodging


You had 4 spell levels left.
You didn't know any spells.

Dungeon Overview and Level Annotations

Branches:
Dungeon (4/15)
 Temple: D:4-7

Altars:
Ashenzari
Dithmenos
Gozag
Makhleb
Okawaru
Vehumet


Innate Abilities, Weirdness & Mutations

You are resistant to torment.
Your stone body is resilient (AC +4).
You are immune to poison.
You resist negative energy.
You are resistant to electric shocks.
You can survive without breathing.
You are immune to petrification.
You are immune to rotting.


Message History

The orc priest is moderately wounded.
The orc priest hits you but does no damage.
You closely miss the orc priest.
The orc priest is moderately wounded.
The orc wizard gestures wildly while chanting.
The orc wizard flickers and vanishes!
Deactivating autopickup; reactivate with Ctrl-A.
You hit the orc priest but do no damage.
You are feeling hungry.
The orc priest hits you but does no damage.
The orc priest completely misses you.
You hit the orc priest.
The orc priest is severely wounded.
The orc priest closely misses you.
The orc priest hits you but does no damage.
You hit the orc priest but do no damage.
The orc priest is severely wounded.
The orc priest calls down the wrath of Beogh upon you.
Something smites you!
You die...

........##########
......^............
#..........##...####
# ..#........###.##
... #..........# ###
.... ##.......##
..... ##.......#
.......##.......# #.
......{o@.......# #.
.......#o.........#
#. .....
###..!......# . ....
#.......#.. ...
#...####### . #.###
..# #..# ..#


You could see 2 orc priests.

Vanquished Creatures
  A crimson imp (D:3)
  6 adders
  4 worms
  An adder skeleton (D:4)
  6 giant geckos
  An ooze (D:2)
  An orc (D:3)
  A ball python (D:3)
  4 bats
  A giant cockroach (D:3)
  4 goblins
  8 hobgoblins
  2 jackals (D:1)
  2 quokkas
  5 giant newts
  7 kobolds
  5 rats
59 creatures vanquished.

Notes
Turn   | Place    | Note
--------------------------------------------------------------
     0 | D:1      | Kisielow, the Gargoyle Gladiator, began the quest for the Orb.
     0 | D:1      | Reached XP level 1. HP: 12/12 MP: 1/1
   114 | D:1      | Reached XP level 2. HP: 12/17 MP: 2/2
   227 | D:1      | Found a shattered altar of Ashenzari.
   243 | D:1      | Reached skill level 1 in Armour
   948 | D:2      | Reached XP level 3. HP: 20/22 MP: 3/3
  1014 | D:2      | Found an opulent altar of Gozag.
  1184 | D:2      | Found an iron altar of Okawaru.
  1199 | D:2      | Became a worshipper of Warmaster Okawaru
  1343 | D:2      | Reached skill level 4 in Staves
  1362 | D:2      | Reached XP level 4. HP: 20/27 MP: 4/4
  1759 | D:3      | Found a radiant altar of Vehumet.
  1760 | D:3      | Found a burning altar of Makhleb.
  1767 | D:3      | Reached XP level 5. HP: 26/32 MP: 5/5
  2153 | D:4      | Found a shadowy altar of Dithmenos.
  2229 | D:4      | Killed from afar by an orc priest

Action                   |  1- 3 |  4- 6 || total
-------------------------+-------+-------++-------
Melee: Quarterstaff      |   105 |   118 ||   223
  Use: Potion            |       |     1 ||     1
  Eat: Chunk             |     1 |     3 ||     4
